 Dungeon Crawl Stone Soup version 0.29-a0-2-g12fcac58f8 (webtiles) character file.

Game seed: 14310326009468668117

91 Angani the Poker (level 4, -2/40 HPs)
             Began as a Draconian Gladiator on Jan 26, 2022.
             Was a Follower of Makhleb.
             Killed by nerve-wracking pain
             ... invoked by an orc priest
              (6 damage)
             ... on level 3 of the Dungeon.
             The game lasted 00:04:10 (2297 turns).

Angani the Poker (Draconian Gladiator)              Turns: 2297, Time: 00:04:12

Health: -2/40      AC:  5    Str: 16    XL:     4   Next: 33%
Magic:  4/4        EV: 12    Int:  8    God:    Makhleb [*.....]
Gold:   23         SH:  0    Dex: 15    Spells: 3/3 levels left

rFire   . . .      SeeInvis .   a - +0 trident
rCold   . . .      Faith    .   (no shield)
rNeg    . . .      Spirit   .   (armour unavailable)
rPois   .          Reflect  .   b - +0 hat
rElec   .          Harm     .   (no cloak)
rCorr   .          Rampage  .   (no gloves)
Will    .....                   (no boots)
Stlth   +.........              (no amulet)
HPRegen 0.13/turn               (no ring)
MPRegen 0.09/turn               (no ring)

@: flying, hasted, very quick
A: AC +5, unfitting armour, cold-blooded
a: Renounce Religion


You were on level 3 of the Dungeon.
You worshipped Makhleb.
Makhleb was aware of your devotion.
You visited 1 branch of the dungeon, and saw 3 of its levels.

You collected 23 gold pieces.

Inventory:

Hand Weapons
 a - a +0 trident (weapon)
Missiles
 c - 3 throwing nets (quivered)
Armour
 b - a +0 hat (worn)
Jewellery
 i - a ring of fire
Scrolls
 f - 3 scrolls of identify {unknown}
Potions
 d - a potion of haste


   Skills:
 + Level 3.8 Fighting
 + Level 4.1 Polearms
 - Level 1.7 Throwing
 - Level 2.6 Dodging
 + Level 0.7 Invocations


You had 3 spell levels left.
You didn't know any spells.
Your spell library was empty.

Dungeon Overview and Level Annotations

Branches:
Dungeon (3/15)

Altars:
Makhleb
Beogh


Innate Abilities, Weirdness & Mutations

Your plain brown scales are hard. (AC +5)
You cannot fit into any form of body armour.
You are cold-blooded and may be slowed by cold attacks.


Message History

The orc closely misses you.
The orc priest invokes the aid of Beogh against you.
Beogh smites you!
You closely miss the orc priest.
Your tail-slap misses the orc priest.
The orc priest is moderately wounded.
The orc hits you with a +0 hand axe. The orc priest closely misses you.
You barely miss the orc priest.
You tail-slap the orc priest, but do no damage.
The orc priest is lightly wounded.
The orc hits you with a +0 hand axe.
You barely miss the orc priest.
The orc priest is lightly wounded.
The orc priest hits you with a +0 hand axe.
You closely miss the orc priest.
The orc priest is lightly wounded.
The orc hits you but does no damage.
The orc priest hits you with a +0 hand axe.
* * * LOW HITPOINT WARNING * * *
You barely miss the orc priest.
The orc priest is lightly wounded.
The orc closely misses you.
You closely miss the orc priest.
Your tail-slap misses the orc priest.
The orc priest is lightly wounded.
The orc priest hits you but does no damage.
You closely miss the orc priest.
The orc priest is lightly wounded.
The orc hits you but does no damage. The orc priest closely misses you.
You barely miss the orc priest.
The orc priest is lightly wounded.
The orc hits you with a +0 hand axe.
* * * LOW HITPOINT WARNING * * *
The orc priest hits you with a +0 hand axe.
* * * LOW HITPOINT WARNING * * *
You hit the orc priest.
The orc priest is moderately wounded.
The orc hits you with a +0 hand axe.
* * * LOW HITPOINT WARNING * * *
The orc priest calls down the wrath of Beogh upon you.
Pain shoots through your body!
You die...

##### .... ####..#
....≈ ##....# ≈...
###..#.## ...
#...#.o@# ≈≈≈
#######.##o# #.#
#......##... #.#
#...>..#.8.8$
##.####......#...$$#
#..##........#.8.8$#
#.#..)#......##$_.##
..#.###.......#####
..#.# #..........#


You could see an orc priest and an orc.

Vanquished Creatures
  3 adders (D:2)
  A worm (D:2)
  7 orcs (D:3)
  4 ball pythons
  2 endoplasms
  2 giant cockroaches
  5 goblins
  7 hobgoblins
  2 kobolds (D:1)
  2 quokkas
  5 bats
  5 frilled lizards
  7 rats
52 creatures vanquished.

Notes
Turn   | Place    | Note
-------+----------+-------------------------------------------
     0 | D:1      | Angani the Draconian Gladiator began the quest for the Orb.
     0 | D:1      | Reached XP level 1. HP: 17/17 MP: 1/1
   393 | D:1      | Reached XP level 2. HP: 24/25 MP: 2/2
  1016 | D:2      | Reached XP level 3. HP: 10/31 MP: 3/3
  1474 | D:2      | Reached skill level 4 in Polearms
  1751 | D:2      | Found a faded altar of an unknown god.
  1753 | D:2      | Prayed at the altar of an unknown god.
  1753 | D:2      | Became a worshipper of Makhleb the Destroyer
  1753 | D:2      | Reached * piety under Makhleb
  1781 | D:2      | Reached XP level 4. HP: 37/40 MP: 4/4
  2297 | D:3      | Killed from afar by an orc priest

Illustrated notes

Levels and vault maps discovered:
D:1:      scummos_arrival_hexagon, layout_loops_corners
D:2:      layout_basic, chequers_ecumenical_altar_twisty, minmay_tromino_v2
D:3:      layout_rooms, nicolae_uskayaw_suspiria, tgw_trog,
          small_statue_intersection, kennysheep_orc_chapel

Skill      XL: |  1  2  3 |
---------------+----------+-----
Fighting       | 3 |  3.8
Polearms       | 4 |  4.1
Throwing       | |  1.7
Dodging        | |  2.6
Invocations    | |  0.7

Action                   |  1- 3 |  4- 6 || total
-------------------------+-------+-------++-------
Melee: Trident           |    98 |    52 ||   150
       Tailslap          |     4 |     1 ||     5
       Punch             |     1 |       ||     1
Throw: Throwing net      |     1 |       ||     1
  Use: Potion            |       |     4 ||     4
 Stab: Sleeping          |     5 |       ||     5
Armor: Skin              |    18 |     6 ||    24
Dodge: Dodged            |    49 |    26 ||    75

Table legend: (Time is in decaauts)
 A = Elapsed time spent in this place.
 B = Non-inter-level travel time spent in this place.
 C = Inter-level travel time spent in this place.
 D = Time resting spent in this place.
 E = Time spent auto-exploring this place.
 F = Levels seen in this place.
 G = Mean time per level.
                   A        B        C        D        E       F      G
               +--------+--------+--------+--------+--------+-----+--------+
         Total |   2312 |   2217 |     95 |    631 |   1264 |   3 |  770.7 |
       Dungeon |   2312 |   2217 |     95 |    631 |   1264 |   3 |  770.7 |
               +--------+--------+--------+--------+--------+-----+--------+

Top non-repeatable levels by time:
     D:1: 971 daAuts
     D:2: 969 daAuts
     D:3: 371 daAuts
